AoeStats
← jakobtoxvig

Lombardia

509942574Analyzed
2v2 RM · 4d ago on Sep 28, 2026· 58m 44s· 4 players
Game mode
Random Map
Map size
Medium (4 player)
Population
200
Speed
Normal
Resources
Standard
Victory
Conquest
Starting age
Dark Age
Ending age
Imperial Age
RankedLock teamsTeams togetherTeam positionsShared explorationLock speedFull tech treeHidden civsTurbo modeCheats
Victory
Defeat
🇪🇸 Mongols · Spain
1306
+16
🇩🇪 Bohemians · Germany
1299
+16
🇩🇰 Tatars · Denmark
1300
-16
🇩🇰 Varangians · Denmark
1300
-16
xkasperxx
10:14 Feudal Age
8:40 Loom
14:40 Castle Age
13:34 Double-Bit Axe
13:42 Gold Mining
17:03 Bow Saw
17:55 Horse Collar
19:01 Heavy Plow
21:27 Wheelbarrow
21:24 Fletching
21:35 Padded Archer Armor
23:33 Leather Archer Armor
25:53 Hand Cart
28:27 Town Watch
29:46 Gold Shaft Mining
29:08 Stone Mining
31:55 Imperial Age
29:56 Bodkin Arrow
31:44 Bloodlines
31:35 Husbandry
32:07 Heavy Cavalry Archer
33:12 Ballistics
33:52 Chemistry
32:53 Light Cavalry
33:50 Bracer
34:22 Ring Archer Armor
34:08 Scale Barding Armor
34:14 Forging
35:18 Silk Armor
38:15 Conscription
39:31 Hussar
41:50 Chain Barding Armor
42:05 Iron Casting
42:14 Conscription
46:00 Plate Barding Armor
58:34 Blast Furnace
jakobtoxvig
11:00 Feudal Age
16:06 Castle Age
13:53 Horse Collar
14:45 Double-Bit Axe
17:52 Heavy Plow
19:47 Bow Saw
20:14 Husbandry
20:30 Bloodlines
24:36 Scale Barding Armor
28:25 Forging
29:47 Gold Mining
29:47 Stone Mining
34:46 Imperial Age
32:27 Husbandry
31:52 Light Cavalry
32:40 Loom
33:30 Wheelbarrow
32:41 Town Watch
34:25 Chain Barding Armor
35:27 Iron Casting
34:31 Vendel Legacy
35:06 Cavalier
37:09 Two-Man Saw
36:47 Hand Cart
37:33 Plate Barding Armor
38:47 Blast Furnace
47:38 Fletching
50:20 Masonry
51:37 Hussar
53:36 Architecture
Mia Wallace
10:34 Feudal Age
14:17 Castle Age
12:38 Double-Bit Axe
12:57 Horse Collar
15:49 Bow Saw
23:14 Heavy Plow
30:07 Imperial Age
27:23 Loom
28:08 Fervor
29:13 Chemistry
28:37 Ballistics
29:42 Scale Mail Armor
29:52 Forging
30:10 Pikeman
31:07 Chain Mail Armor
30:55 Squires
30:40 Arson
30:48 Elite Hussite Wagon
31:17 Halberdier
33:49 Wheelbarrow
33:21 Houfnice
34:32 Conscription
36:30 Siege Engineers
37:13 Plate Mail Armor
37:18 Iron Casting
48:17 Caravan
51:49 Bombard Tower
55:33 Hand Cart
56:53 Blast Furnace
Leopard
8:42 Loom
10:49 Feudal Age
14:33 Castle Age
12:21 Double-Bit Axe
13:14 Horse Collar
16:06 Bow Saw
21:01 Heavy Plow
22:46 Wheelbarrow
22:32 Gold Mining
23:40 Fletching
25:37 Bodkin Arrow
27:05 Hand Cart
28:35 Stone Mining
33:32 Imperial Age
30:49 Town Watch
31:23 Padded Archer Armor
32:34 Leather Archer Armor
33:42 Husbandry
33:53 Bloodlines
34:31 Bracer
33:54 Elite Mangudai
35:08 Conscription
35:20 Ballistics
35:58 Parthian Tactics
36:44 Thumb Ring
36:25 Light Cavalry
40:04 Drill
40:48 Chemistry
41:39 Scale Barding Armor
41:44 Forging
41:02 Hussar
41:46 Capped Ram
43:17 Chain Barding Armor
43:41 Coinage
42:42 Siege Ram
43:22 Murder Holes
45:12 Banking
46:09 Caravan
47:32 Iron Casting
47:36 Nomads
49:37 Blast Furnace
50:45 Hoardings
50:19 Siege Engineers
50:25 Masonry
54:20 Fortified Wall
Connection lost

Rejoining the realm…

Still unreachable

The connection could not be restored.

Session expired

The server has moved on; the page needs a fresh start.